 Dungeon Crawl Stone Soup version 0.30-a0-883-g5ad918d77d (webtiles) character file.

Game seed: 1518764655748832702

33 Pimp the Poker (level 3, -1/31 HPs)
             Began as an Armataur Wanderer on Mar 16, 2023.
             Slain by a gnoll
             ... wielding a +2 spear of venom
              (7 damage)
             ... on level 2 of the Dungeon.
             The game lasted 00:01:49 (876 turns).

Pimp the Poker (Armataur Wanderer)                   Turns: 876, Time: 00:01:51

Health: -1/31      AC:  7    Str: 20    XL:     3   Next: 12%
Magic:  4/4        EV:  8    Int:  9    God:
Gold:   92         SH:  0    Dex: 11    Spells: 3/4 levels left

rFire   . . .      SeeInvis .    a - +3 spear (freeze)
rCold   . . .      Faith    .    (no shield)
rNeg    . . .      Spirit   .    g - +2 ring mail {rPois}
rPois   +          Reflect  .    (no helmet)
rElec   .          Roll     +    (no cloak)
rCorr   .                        (no gloves)
Will    .....                    (no barding)
Stlth   +                        (no amulet)
HPRegen 0.25/turn                (no ring)
MPRegen 0.09/turn                (no ring)

@: no status effects
A: large, rugged brown scales 3, deformed body, armoured tail, roll, long
tongue, awkward tongue
a: no special abilities


You were on level 2 of the Dungeon.
You visited 1 branch of the dungeon, and saw 2 of its levels.

You collected 92 gold pieces.

Inventory:

Hand Weapons
 a - a +3 spear of freezing (weapon)
Armour
 g - a +2 ring mail of poison resistance (worn)
Potions
 b - a potion of might
 c - a potion of flight {unknown}
 d - a potion of heal wounds {unknown}
 f - a potion of lignification
 h - a potion of resistance
 i - a potion of attraction


   Skills:
 + Level 2.1 Fighting
 + Level 2.6 Polearms
 + Level 1.8 Armour
 + Level 1.3 Dodging
 + Level 1.3 Spellcasting
 + Level 2.0 Fire Magic


You had 3 spell levels left.
You knew the following spells:

 Your Spells              Type           Power      Damage    Failure   Level
a - Foxfire               Conj/Fire      8%         2x1d4     36%         1

Your spell library contained the following spells:

 Spells                   Type           Power      Damage    Failure   Level
 Apportation              Tloc           0%         N/A       52%         1
 Necrotise                Necr           0%         1d4       52%         1
 Summon Small Mammal      Summ           0%         N/A       52%         1
 Sublimation of Blood     Necr           0%         N/A       67%         2
 Inner Flame              Hex/Fire       2%         N/A       75%         3
 Petrify                  Tmut/Erth      0%         N/A       99%         4
 Irradiate                Conj/Tmut      0%         3d11      100%        5


Dungeon Overview and Level Annotations

Branches:
Dungeon (2/15)

Altars:


Innate Abilities, Weirdness & Mutations

You are completely covered in rugged brown scales. (AC +3, +7% HP)
Armour fits poorly on your strangely shaped body.
You have a long armoured tail.
You roll when moving toward enemies. (Rampage)
Your long tongue fully drains potion bottles. (2x potion effects)
Your tongue gives you trouble enunciating. (1.5x scroll delay)


Message History

You closely miss the gnoll.
The gnoll is heavily wounded.
The kobold barely misses you.
The gnoll hits you from afar with a +2 spear of venom.
The gnoll hits you with a +0 club. The kobold attacks as you move away!
The kobold closely misses you.
You hit the gnoll. You freeze the gnoll.
The gnoll is almost dead.
The gnoll hits you with a +0 club.
You closely miss the gnoll. You tail-slap the gnoll.
The gnoll is almost dead.
The gnoll hits you but does no damage.
You closely miss the gnoll. You tail-slap the gnoll.
You kill the gnoll!
You have reached level 3!
Your experience leads to an increase in your attributes!
Increase (S)trength, (I)ntelligence, or (D)exterity?
You feel stronger. x2
You closely miss the kobold. The kobold barely misses you.
The gnoll hits you from afar with a +2 spear of venom.
Unknown command.
You closely miss the kobold.
Your tail-slap misses the kobold.
The kobold hits you but does no damage.
The gnoll hits you from afar with a +2 spear of venom.
* * * LOW HITPOINT WARNING * * *
You hit the kobold. You freeze the kobold.
You kill the kobold!
The gnoll hits you but does no damage.
You hit the rat. You freeze the rat.
You kill the rat!
You closely miss the gnoll. The gnoll hits you with a +0 whip.
* * * LOW HITPOINT WARNING * * *
The gnoll barely misses you.
You closely miss the gnoll. You tail-slap the gnoll.
The gnoll is heavily wounded.
The gnoll closely misses you. The gnoll barely misses you.
You puncture the gnoll! You freeze the gnoll.
You kill the gnoll!
The gnoll hits you from afar with a +2 spear of venom!
You die...

#.....+
#.....#
#.....#
#.....#
#.....#
#..g..#
###g### #)#
#@######
#......+
##....##
#....#
########....#
.......'....#
########....#
#....# #....#


You could see 2 gnolls.

Vanquished Creatures
  2 gnolls (D:2)
  5 endoplasms (D:1)
  2 giant cockroaches (D:1)
  2 goblins (D:1)
  A hobgoblin (D:1)
  5 kobolds
  A quokka (D:1)
  2 ball pythons (D:1)
  2 rats
22 creatures vanquished.

Notes
Turn   | Place    | Note
-------+----------+-------------------------------------------
     0 | D:1      | Pimp the Armataur Wanderer began the quest for the Orb.
     0 | D:1      | Pimp set off with the following items: a +3 spear, a potion
                  | of might, a +0 leather armour; and the following spell
                  | memorised: Foxfire; and the following spells available to
                  | memorise: Inner Flame.
     0 | D:1      | Reached XP level 1. HP: 18/18 MP: 2/2
   150 | D:1      | Reached XP level 2. HP: 25/25 MP: 3/3
   869 | D:2      | Reached XP level 3. HP: 13/31 MP: 4/4
   876 | D:2      | Slain by a gnoll

Illustrated notes

Levels and vault maps discovered:
D:1:      psy_arrival_statuary, layout_basic, kennysheep_small_spiral,
          kennysheep_another_room
D:2:      layout_basic, dreamdust_wishing_well, uniq_terence, uniq_jessica

Skill      XL: |  1  2 |
---------------+-------+-----
Fighting       | 2 |  2.1
Fire Magic     | 2 |  2.0
Polearms       | |  2.6
Armour         | |  1.8
Dodging        | |  1.3
Spellcasting   | |  1.3

Action                     || total
---------------------------++-------
  Melee: Spear             ||    44
         Tailslap          ||     8
    Use: Scroll            ||     7
 Armour: Leather armour    ||     3
         Ring mail         ||    16
  Dodge: Dodged            ||    12

Table legend: (Time is in decaauts)
 A = Elapsed time spent in this place.
 B = Non-inter-level travel time spent in this place.
 C = Inter-level travel time spent in this place.
 D = Time resting spent in this place.
 E = Time spent auto-exploring this place.
 F = Levels seen in this place.
 G = Mean time per level.
                   A        B        C        D        E       F      G
               +--------+--------+--------+--------+--------+-----+--------+
         Total |    877 |    837 |     40 |     38 |    645 |   2 |  438.5 |
       Dungeon |    877 |    837 |     40 |     38 |    645 |   2 |  438.5 |
               +--------+--------+--------+--------+--------+-----+--------+

Top non-repeatable levels by time:
     D:1: 744 daAuts
     D:2: 133 daAuts
